 Dungeon Crawl Stone Soup version 0.27.1-33-g824d729ab1 (webtiles) character file.

Game seed: 6281747392916540369

1293 jlumianski the Chopper (level 8, -4/48 HPs)
             Began as a Gargoyle Monk on Dec 7, 2021.
             Was a Believer of Ru.
             Slain by an ogre (15 damage)
             ... on level 6 of the Dungeon.
             The game lasted 00:23:29 (6448 turns).

jlumianski the Chopper (Gargoyle Monk)              Turns: 6448, Time: 00:23:29

Health: -4/48      AC: 12    Str: 20    XL:     8   Next: 56%
Magic:  8/8        EV: 11    Int: 19    God:    Ru [**....]
Gold:   266        SH:  0    Dex: 12    Spells: 7/7 levels left

rFire    + . .     SeeInvis +   u - +1 war axe
rCold    . . .     Faith    .   (no shield)
rNeg     + . .     Spirit   .   r - +0 scale mail
rPois    ∞         Reflect  .   (no helmet)
rElec    +         Harm     .   (no cloak)
rCorr    .         Rampage  .   (no gloves)
Will     +....                  (no boots)
Stlth    ..........             (no amulet)
HPRegen  0.16/turn              i - ring of see invisible
MPRegen  0.11/turn              C - ring "Qassag" {rF+ Will+ Str+5 Int+6}

@: no status effects
A: sickness immunity, AC +5, negative energy resistance 1, electricity
resistance, torment resistance 1, weak 1, petrification resistance, no stealth,
unskilled 1, clever 1
a: Renounce Religion


You were on level 6 of the Dungeon.
You worshipped Ru.
Ru was pleased with you.
You visited 1 branch of the dungeon, and saw 7 of its levels.
You also visited: Sewer.

You collected 266 gold pieces.

Inventory:

Hand Weapons
 a - a +0 hand axe
 h - a +0 hunting sling
 o - a +2 dagger of speed
 u - a +1 war axe (weapon)
Missiles
 e - 250 stones
 k - 58 sling bullets
 l - 40 bolts
 q - 50 poisoned darts (quivered)
 y - 4 javelins
 A - 5 boomerangs
 D - 8 silver boomerangs
Armour
 b - a +0 robe
 g - a +0 ring mail
 p - a +0 hat
 r - a +0 scale mail (worn)
Jewellery
 i - a ring of see invisible (left hand)
 t - a ring of fire
 C - the ring "Qassag" (right hand) {rF+ Will+ Str+5 Int+6}
   (You acquired it on level 5 of the Dungeon)

   [ring of protection from fire]

   Str:       It affects your strength (+5).
   Int:       It affects your intelligence (+6).
   rF:        It protects you from fire.
   Will:      It increases your willpower.
Scrolls
 j - a scroll of teleportation
 x - a scroll of silence
Potions
 c - 3 potions of haste
 d - 2 potions of brilliance
 f - a potion of degeneration
 m - a potion of curing
 n - a potion of attraction
 s - 2 potions of magic
 v - a potion of might
 w - a potion of flight
 z - a potion of mutation
 B - 3 potions of cancellation


   Skills:
 + Level 4.9 Fighting
 + Level 6.7 Axes
 + Level 0.1 Throwing
 + Level 3.9 Armour
 + Level 3.2 Dodging


You had 7 spell levels left.
You didn't know any spells.
Your spell library contained the following spells:

 Spells                   Type           Power      Damage    Failure   Level
 Magic Dart               Conj           0%         1d3       50%         1
 Sandblast                Erth           0%         2d4       50%         1
 Corpse Rot               Necr/Air       N/A        N/A       65%         2
 Passwall                 Tmut/Erth      0%         N/A       65%         2
 Searing Ray              Conj           0%         3d3       65%         2
 Dazzling Flash           Conj/Hex       0%         N/A       86%         3
 Mephitic Cloud           Conj/Pois/Air  0%         N/A       86%         3
 Ozocubu's Armour         Ice            0%         N/A       86%         3
 Stone Arrow              Conj/Erth      0%         3d7       86%         3
 Swiftness                Air            0%         N/A       86%         3
 Animate Armour           Summ/Erth      0%         N/A       99%         4
 Fulminant Prism          Conj/Hex       0%         3d6       99%         4
 Iskenderun's Mystic Bla  Conj/Tloc      0%         2d3       99%         4
 Lee's Rapid Deconstruct  Erth           0%         3d5*      100%        5
 Simulacrum               Ice/Necr       0%         N/A       100%        6
 Starburst                Conj/Fire      0%         6d3       100%        6
 Ozocubu's Refrigeration  Ice            0%         4d5       100%        7
 Lehudib's Crystal Spear  Conj/Erth      0%         10d2      100%        8


Dungeon Overview and Level Annotations

Branches:
Dungeon (7/15)              Sewer (visited)
 Temple: D:4-7

Altars:
Cheibriados
Elyvilon
Ru
Yredelemnul
The Shining One

Shops:
D:6 *


Innate Abilities, Weirdness & Mutations

You are immune to sickness and miasma.
Your stone body is resilient. (AC +5)
You are immune to poison.
You resist negative energy. (rN+)
You are resistant to electric shocks. (rElec)
You are resistant to unholy torment.
You are weak. (Str -2)
You are immune to petrification.
You cannot be stealthy.
You are somewhat unskilled. (-1 Apt)
Your mind is acute. (Int +2)


Message History

You slash the orc!
You kill the orc!
You hit the orc wizard.
The orc wizard is moderately wounded.
You redirect the orc wizard's attack!
The orc wizard hits itself with a +0 dagger.
You barely miss the orc wizard.
The orc wizard is moderately wounded.
The orc wizard hits you but does no damage.
The orc wizard closely misses you.
You barely miss the orc wizard.
The orc wizard is moderately wounded.
The orc wizard casts a spell at you.
The puff of flame hits you but does no damage.
You resist.
You slash the orc wizard!
You kill the orc wizard!
Items here: )) [ ††.
Okay, then.
Things that are here:
a +0 flail; a +0 leather armour
Okay, then.
Found 9 gold pieces.
You now have 266 gold pieces (gained 9).
An ogre comes into view. It is wielding a +0 giant club.
The ogre shouts!
You barely miss the ogre. The ogre closely misses you.
You barely miss the ogre.
The ogre hits you with a +0 giant club!!
You hit the ogre but do no damage. The ogre closely misses you.
You hit the ogre.
The ogre is lightly wounded.
You slash the ogre!
The ogre is almost dead.
The ogre hits you with a +0 giant club!
* * * LOW HITPOINT WARNING * * *
You completely miss the ogre.
The ogre is almost dead.
The ogre hits you with a +0 giant club!
You die...

#
#########
#
........#
# #.# #
#.# # #.#
#.# #O#
#@# #.#
#.# #.#
#.# #.#
#######
#.#
......#
#####.#
#####.#
#.....#


You could see an ogre.

Vanquished Creatures
  Sigmund (D:3)
  An ice beast (D:6)
  2 ogres
  A necrophage (D:4)
  2 phantoms
  2 scorpions
  A water moccasin skeleton (D:4)
  A howler monkey (D:5)
  A crimson imp (D:3)
  A gnoll shaman (D:3)
  A bullfrog skeleton (D:4)
  3 iguanas
  An orc wizard (D:6)
  2 hound skeletons (D:4)
  3 river rats (Sewer)
  2 adders
  5 gnolls
  A shadow imp (D:7)
  A worm (D:5)
  3 dart slugs
  9 orcs
  16 ball pythons
  8 bats
  6 endoplasms
  3 giant cockroaches
  9 goblins
  8 hobgoblins
  6 kobolds
  6 quokkas
  11 frilled lizards
  A goblin skeleton (D:3)
  A goblin zombie (D:3)
  3 hobgoblin zombies (D:3)
  3 kobold skeletons (D:3)
  2 orc zombies (D:3)
  13 rats
140 creatures vanquished.

Vanquished Creatures (others)
  2 plants (D:1)
2 creatures vanquished.

Grand Total: 142 creatures vanquished

Notes
Turn   | Place    | Note
-------+----------+-------------------------------------------
     0 | D:1      | jlumianski the Gargoyle Monk began the quest for the Orb.
     0 | D:1      | Reached XP level 1. HP: 14/14 MP: 1/1
   327 | D:1      | Reached XP level 2. HP: 19/19 MP: 2/2
   576 | D:1      | Found a faded altar of an unknown god.
   590 | D:1      | Became a worshipper of Ru the Awakened
   595 | D:1      | Gained mutation: You are somewhat unskilled. (-1 Apt) [Ru
                  | sacrifice]
   595 | D:1      | Reached * piety under Ru
   825 | D:1      | Reached XP level 3. HP: 23/23 MP: 3/3
  1064 | D:2      | Reached skill level 3 in Axes
  2142 | D:3      | Reached XP level 4. HP: 18/28 MP: 4/4
  2251 | D:3      | Found a white marble altar of Elyvilon.
  2584 | D:4      | Noticed a necrophage
  2673 | D:4      | Killed a necrophage
  2674 | D:4      | Reached skill level 1 in Armour
  2674 | D:4      | Reached XP level 5. HP: 15/32 MP: 5/5
  2873 | D:3      | Noticed Sigmund
  2889 | D:3      | Killed Sigmund
  2890 | D:3      | Reached skill level 4 in Axes
  2890 | D:3      | Reached XP level 6. HP: 34/38 MP: 6/6
  3144 | D:3      | Found a glowing golden altar of the Shining One.
  3281 | D:3      | Reached skill level 5 in Axes
  3281 | D:3      | Reached XP level 7. HP: 10/43 MP: 7/7
  3558 | D:3      | Gained mutation: You are weak. (Str -2) [Ru sacrifice]
  3558 | D:3      | Reached ** piety under Ru
  4534 | D:4      | Found a sacrificial altar of Ru.
  4534 | D:4      | Found a basalt altar of Yredelemnul.
  4579 | D:4      | Reached XP level 8. HP: 34/48 MP: 8/8
  4683 | D:5      | Entered Level 5 of the Dungeon
  4695 | D:5      | Got the Tome of Frigorific Air
  4731 | D:5      | Reached skill level 6 in Axes
  4823 | D:5      | Found a glowing drain.
  4827 | Sewer    | Entered a sewer
  5229 | Sewer    | Gained mutation: Your body sometimes deteriorates upon
                  | taking damage. [potion of mutation]
  5229 | Sewer    | Gained mutation: You are clumsy. (Dex -2) [potion of
                  | mutation]
  5229 | Sewer    | Gained mutation: You have a pair of small antennae on your
                  | head. [potion of mutation]
  5230 | Sewer    | Lost mutation: You are clumsy. (Dex -2) [potion of
                  | mutation]
  5230 | Sewer    | Lost mutation: You have a pair of small antennae on your
                  | head. [potion of mutation]
  5230 | Sewer    | Lost mutation: Your body sometimes deteriorates upon taking
                  | damage. [potion of mutation]
  5230 | Sewer    | Gained mutation: Your mind is acute. (Int +2) [potion of
                  | mutation]
  5895 | D:5      | Identified a scroll of acquirement
  5896 | D:5      | Acquired the ring "Qassag" {rF+ Will+ Str+5 Int+6}
  5975 | D:5      | Gained mutation: You cannot be stealthy. [Ru sacrifice]
  6260 | D:6      | Found a snail-covered altar of Cheibriados.
  6333 | D:6      | Found Epte's Lightly-Used Armoury.
  6448 | D:6      | Slain by an ogre

Illustrated notes

Levels and vault maps discovered:
D:1:      dpeg_arrival_lava_temple_mockup, layout_basic,
          chequers_ecumenical_altar_lobes
D:2:      layout_basic, grunt_ministairs_11
D:3:      kennysheep_six_static_rooms, layout_basic,
          mainiacjoe_overflow_surrounded_room, nicolae_tso_besieged_by_evil,
          uniq_sigmund
D:4:      layout_cave_pools, chequers_temple_overflow_statue_of_worship,
          grunt_decor_one_mirror, corexii_checkpoint_b
D:5:      layout_loops_ring, gup_sewer_entry_bowl, kennysheep_cross_bottleneck,
          minivault_5
D:6:      layout_basic, mainiacjoe_overflow_small_starburst, chequers_jeans,
          minmay_shop_damaged, dk_vineyard_2
D:7:      nicolae_whirlpool, layout_rooms, lemuel_doored_altar,
          minmay_temple_entry_trees, corner_web_ring, kennysheep_generic_room_7,
          uniq_pikel

Skill      XL: |  1  2  3  4  5  6  7  8 |
---------------+-------------------------+-----
Axes           | 3 4 5 6 |  6.7
Armour         | 1 2 3 |  3.9
Fighting       | 4 |  4.9
Dodging        | 3 |  3.2
Stealth        | 0 |  0.0
Throwing       | |  0.1

Action                   |  1- 3 |  4- 6 |  7- 9 || total
-------------------------+-------+-------+-------++-------
Melee: Hand axe          |   101 |       |       ||   101
       War axe           |    42 |   101 |   219 ||   362
Throw: Dart              |       |     2 |       ||     2
Invok: Sacrifice Skill   |     1 |       |       ||     1
       Sacrifice Purity  |       |       |     1 ||     1
       Sacrifice Stealth |       |       |     1 ||     1
  Use: Scroll            |     4 |     1 |     9 ||    14
       Potion            |       |     3 |     5 ||     8
 Stab: Sleeping          |     2 |       |       ||     2
Armor: Robe              |     6 |       |       ||     6
       Ring mail         |    29 |       |       ||    29
       Scale mail        |    40 |    73 |    89 ||   202
Dodge: Dodged            |   120 |    55 |   148 ||   323
